 Dungeon Crawl Stone Soup version 0.29-a0-993-g4a18f31a58 (webtiles) character file.

Game seed: 12456153114608887313

1426 RevDB the Conjurer (level 8, -2/68 HPs)
             Began as a Black Draconian Conjurer on Aug 1, 2022.
             Was an Initiate of Sif Muna.
             Slain by an ogre
             ... wielding a +0 giant club
              (31 damage)
             ... on level 6 of the Dungeon on Aug 2, 2022.
             The game lasted 00:50:56 (5743 turns).

RevDB the Conjurer (Black Draconian Conjurer)       Turns: 5743, Time: 00:50:56

Health: -2/68      AC:  7    Str:  9    XL:     8   Next: 44%
Magic:  11/15      EV: 12    Int: 28    God:    Sif Muna [......]
Gold:   260        SH:  0    Dex:  9    Spells: 6/17 levels left

rFire   . . .      SeeInvis .   y - +2 dagger (freeze)
rCold   . . .      Faith    .   (no shield)
rNeg    . . .      Spirit   .   (body armour unavailable)
rPois   .          Reflect  .   (helmet restricted)
rElec   +          Harm     .   (no cloak)
rCorr   .          Rampage  .   (no gloves)
Will    .....                   A - +0 pair of boots
Stlth   ++........              (no amulet)
HPRegen 0.21/turn               p - ring of wizardry
MPRegen 0.14/turn               F - +6 ring of intelligence

@: no status effects
A: breathe lightning, AC +6, unfitting armour, electricity resistance,
cold-blooded
a: Breathe Lightning, Renounce Religion


You were on level 6 of the Dungeon.
You worshipped Sif Muna.
Sif Muna was noncommittal.
You visited 1 branch of the dungeon, and saw 7 of its levels.

You collected 260 gold pieces.

Inventory:

Hand Weapons
 e - a +1 whip of flaming
 g - a +2 dagger of speed
 h - a +2 mace of protection
 x - a +0 lajatang
 y - a +2 dagger of freezing (weapon)
Missiles
 b - 15 poisoned darts
Armour
 A - a +0 pair of boots (worn)
 E - a +0 buckler
Jewellery
 f - a ring of protection from cold
 p - a ring of wizardry (left hand)
 s - a ring of resist corrosion
 C - a ring of fire
 F - a +6 ring of intelligence (right hand)
Wands
 r - a wand of charming (2)
Scrolls
 c - 2 scrolls of teleportation
 i - a scroll of blinking {unknown}
 j - a scroll of fog {unknown}
 m - a scroll of fear {unknown}
 n - 3 scrolls of amnesia {unknown}
 o - 2 scrolls of vulnerability
 u - a scroll of acquirement {unknown}
 B - a scroll of identify
Potions
 a - 2 potions of magic
 d - a potion of flight {unknown}
 k - 2 potions of cancellation {unknown}
 l - 3 potions of attraction
 q - 3 potions of heal wounds
 t - 2 potions of berserk rage {unknown}
 v - a potion of ambrosia {unknown}
 w - a potion of might {unknown}
 z - a potion of mutation {unknown}
 D - a potion of lignification {unknown}


   Skills:
 - Level 5.0 Fighting
 + Level 2.0 Dodging
 - Level 1.7 Stealth
 - Level 5.0 Spellcasting
 - Level 7.0 Conjurations
 - Level 5.0 Translocations
 - Level 1.0 Air Magic


You had 6 spell levels left.
You knew the following spells:

 Your Spells              Type           Power      Damage    Failure   Level
a - Magic Dart            Conj           100%       1d8       1%          1
b - Searing Ray           Conj           92%        2d7       1%          2
c - Iskenderun's Mystic   Conj/Tloc      40%        2d9       2%          4
d - Fulminant Prism       Conj/Hex       13%        3d9       6%          4

Your spell library contained the following spells:

 Spells                   Type           Power      Damage    Failure   Level
 Foxfire                  Conj/Fire      100%       2x1d9     1%          1
 Conjure Flame            Conj/Fire      26%        6-21      1%          3
 Dazzling Flash           Conj/Hex       52%        N/A       1%          3
 Gell's Gravitas          Tloc           35%        N/A       1%          3
 Teleport Other           Tloc           35%        N/A       1%          3
 Flame Wave               Conj/Fire      26%        2d8       6%          4
 Inner Flame              Hex/Fire       7%         N/A       9%          3
 Fireball                 Conj/Fire      13%        3d7       17%         5
 Dispersal                Tloc           17%        N/A       45%         6
 Starburst                Conj/Fire      13%        6d5       65%         6
 Ignition                 Fire           3%         3d4       100%        8


Dungeon Overview and Level Annotations

Branches:
Dungeon (7/15)
 Temple: D:4-7

Altars:
Ashenzari
Elyvilon
Fedhas
Hepliaklqana
Makhleb
Sif Muna

Shops:
D:6 **

Annotations:
D:7 Dowan, Duvessa


Innate Abilities, Weirdness & Mutations

You can breathe wild blasts of lightning.
Your glossy black scales are hard. (AC +6)
You cannot fit into any form of body armour.
You are resistant to electric shocks. (rElec)
You are cold-blooded and may be slowed by cold attacks.


Message History

Found a faded altar of an unknown god.
Found a shimmering blue altar of Sif Muna.
Found a faded altar of an unknown god.
There is a shimmering blue altar of Sif Muna here.
There is a shimmering blue altar of Sif Muna here.
You kneel at the altar of Sif Muna.
Sif Muna welcomes you!
Done exploring.
There is an escape hatch in the floor here.
You see here a +0 robe.
Things that are here:
a +0 leather armour; a +0 vampiric hand axe
Items here: ))) [[.
You see here a +0 mace.
There is a stone staircase leading down here.
This spell is dangerous to cast!
Memorise Fulminant Prism, consuming 4 spell levels and leaving 6?
You start memorising the spell.
You continue memorising. x4
You finish memorising.
Spell assigned to 'd'.
There is a stone staircase leading down here.
You climb downwards.
The scorpion barely misses you.
The ogre hits you with a +0 giant club!!
The scorpion barely misses you.
There is a stone staircase leading up, spattered with blood here.
Casting: Searing Ray (safe; 1% risk of failure)
Confirm with . or Enter, or press ? or * to list all spells.
You erupt in a blast of force!
The mystic blast hits the ogre!
The ogre is moderately wounded.
The ogre is knocked back by the mystic blast.
The ogre slams into the rock wall!
The ogre is heavily wounded.
The mystic blast hits the scorpion!
The scorpion is heavily wounded.
The scorpion is knocked back by the mystic blast.
You hear a shout! x5
The ogre hits you with a +0 giant club!!
You hear a shout!
You hear a shout!
The ogre hits you with a +0 giant club!!
You die...

#.##### #.>.# #.
#.#8∩8####...###..
.[.........#.....#
#................#
#......##..#.....#
#.#8∩8###..#####.#
#.##### #.....##.#
O)# ##.##....# )##
#.##.#O@# .#
#.##.##s# .#
#.##.##.# .#
..##.##.. ##
####.##.#. #
...#.### # .) #.#
# ###


You could see an ogre and a scorpion.

Vanquished Creatures
  Sigmund (D:4)
  Menkaure (D:4)
  An ice beast (D:6)
  An ogre (D:5)
  2 phantoms
  A bullfrog (D:6)
  2 scorpions
  A howler monkey (D:5)
  A crimson imp (D:5)
  A jelly (D:5)
  A gnoll bouda (D:6)
  2 hounds
  4 iguanas
  6 orc wizards
  5 gnolls (D:6)
  5 adders
  An ufetubus (D:3)
  4 worms
  3 dart slugs
  10 orcs
  4 endoplasms
  6 giant cockroaches
  9 goblins
  5 hobgoblins
  8 quokkas
  6 ball pythons
  3 bats
  A frilled lizard (D:3)
  6 kobolds
  7 rats
108 creatures vanquished.

Vanquished Creatures (collateral kills)
  A kobold (D:4)
1 creature vanquished.

Vanquished Creatures (others)
  5 fungi (D:2)
  4 plants (D:2)
9 creatures vanquished.

Grand Total: 118 creatures vanquished

Notes
Turn   | Place    | Note
-------+----------+-------------------------------------------
     0 | D:1      | RevDB the Draconian Conjurer began the quest for the Orb.
     0 | D:1      | Reached XP level 1. HP: 14/14 MP: 3/3
   477 | D:1      | Reached XP level 2. HP: 20/20 MP: 0/5
   573 | D:1      | Learned a level 2 spell: Searing Ray
  1278 | D:2      | Reached skill level 5 in Conjurations
  1302 | D:2      | Reached XP level 3. HP: 26/26 MP: 3/6
  1467 | D:2      | Found a faded altar of an unknown god.
  1478 | D:2      | Reached skill level 1 in Fighting
  1670 | D:3      | Found a white marble altar of Elyvilon.
  1770 | D:3      | Reached XP level 4. HP: 35/37 MP: 7/7
  2739 | D:4      | Noticed a phantom
  2779 | D:4      | Killed a phantom
  2780 | D:4      | Reached XP level 5. HP: 30/45 MP: 5/10
  3261 | D:4      | Reached skill level 1 in Translocations
  3385 | D:4      | You fall into a shaft and drop 3 floors!
  3412 | D:7      | Noticed Duvessa
  3413 | D:7      | Noticed Dowan
  3424 | D:6      | Found Maodd's Specific Store.
  3437 | D:6      | Reached XP level 6. HP: 34/51 MP: 12/12
  3442 | D:6      | Learned a level 4 spell: Iskenderun's Mystic Blast
  3535 | D:6      | Found Dufaikho's General Store.
  3570 | D:6      | Noticed an ice beast
  3584 | D:6      | Killed an ice beast
  3855 | D:6      | Your scales start taking on a glossy black colour.
  3855 | D:6      | Reached XP level 7. HP: 17/59 MP: 3/13
  3855 | D:6      | Gained mutation: You are resistant to electric shocks.
                  | (rElec) [Black Draconian growth]
  3898 | D:5      | Entered Level 5 of the Dungeon
  4087 | D:5      | Upgraded the game from 0.29-a0-982-gaed3a0c8d8 to
                  | 0.29-a0-993-g4a18f31a58
  4098 | D:5      | Found a burning altar of Makhleb.
  4200 | D:5      | Reached skill level 5 in Spellcasting
  4245 | D:5      | Reached skill level 1 in Air Magic
  4289 | D:4      | Noticed Sigmund
  4297 | D:4      | Killed Sigmund
  4298 | D:4      | Reached skill level 5 in Fighting
  4350 | D:4      | Noticed Menkaure
  4360 | D:4      | Killed Menkaure
  4361 | D:4      | Reached skill level 6 in Conjurations
  4795 | D:5      | Reached XP level 8. HP: 51/68 MP: 7/15
  4994 | D:5      | Reached skill level 5 in Translocations
  5584 | D:5      | Reached skill level 7 in Conjurations
  5607 | D:5      | Found a blossoming altar of Fedhas.
  5639 | D:5      | Found a hazy altar of Hepliaklqana.
  5639 | D:5      | Found a broken altar of Ashenzari.
  5644 | D:5      | Found a faded altar of an unknown god.
  5646 | D:5      | Found a shimmering blue altar of Sif Muna.
  5647 | D:5      | Found a faded altar of an unknown god.
  5661 | D:5      | Became a worshipper of Sif Muna the Loreminder
  5738 | D:5      | Learned a level 4 spell: Fulminant Prism
  5743 | D:6      | Slain by an ogre

Illustrated notes

Levels and vault maps discovered:
D:1:      minmay_arrival_split_and_join, layout_rooms
D:2:      layout_basic, dreamdust_ecumenical_altar_grove, st_stairs_13,
          minmay_misc_feat_enclosed
D:3:      layout_basic, mainiacjoe_overflow_cross_hatched
D:4:      layout_gridville, uniq_menkaure, uniq_sigmund
D:5:      minmay_evil_eye, layout_rooms, makhleb_grotto_becter,
          chequers_temple_overflow_minitemple, mainiacjoe_overflow_alcove_2
D:6:      minmay_general_purpose_star, layout_rooms, kb_lookout_dungeons_type,
          nicolae_specific_store
D:7:      layout_cave_pools, gammafunk_temple_overflow_forgotten,
          minmay_temple_entry_stoned_glass, serial_shops, kennysheep_little_box,
          uniq_duvessa

Skill      XL: |  1  2  3  4  5  6  7  8 |
---------------+-------------------------+-----
Conjurations   | 5 6 7 |  7.0
Fighting       | 2 3 4 5 |  5.0
Spellcasting   | 3 4 5 |  5.0
Translocations | 2 3 5 |  5.0
Dodging        | 2 |  2.0
Air Magic      | 1 |  1.0
Stealth        | |  1.7

Action                   |  1- 3 |  4- 6 |  7- 9 || total
-------------------------+-------+-------+-------++-------
Melee: Unarmed           |    22 |       |       ||    22
       Spear             |    11 |       |       ||    11
       Tailslap          |     8 |    14 |    22 ||    44
       Dagger            |    22 |    35 |   184 ||   241
       Mace              |    48 |    97 |       ||   145
       Whip              |     1 |       |       ||     1
       Punch             |     1 |     1 |     3 ||     5
Throw: Dart              |     1 |       |       ||     1
 Cast: Magic Dart        |    52 |    18 |     4 ||    74
       Searing Ray       |     1 |     8 |    13 ||    22
       Iskenderun's Myst |       |     1 |     8 ||     9
Evoke: Wand              |       |     4 |       ||     4
  Use: Scroll            |       |     4 |     1 ||     5
 Stab: Sleeping          |     2 |       |     2 ||     4
Armor: Skin              |    35 |    63 |    52 ||   150
Dodge: Dodged            |    83 |   106 |    70 ||   259

Table legend: (Time is in decaauts)
 A = Elapsed time spent in this place.
 B = Non-inter-level travel time spent in this place.
 C = Inter-level travel time spent in this place.
 D = Time resting spent in this place.
 E = Time spent auto-exploring this place.
 F = Levels seen in this place.
 G = Mean time per level.
                   A        B        C        D        E       F      G
               +--------+--------+--------+--------+--------+-----+--------+
         Total |   5764 |   5660 |    104 |   2132 |    619 |   7 |  823.4 |
       Dungeon |   5764 |   5660 |    104 |   2132 |    619 |   7 |  823.4 |
               +--------+--------+--------+--------+--------+-----+--------+

Top non-repeatable levels by time:
     D:4: 1500 daAuts
     D:3: 1137 daAuts
     D:1: 1078 daAuts
     D:5: 1025 daAuts
     D:2: 514 daAuts
     D:6: 468 daAuts
     D:7: 39 daAuts
